 Dungeon Crawl Stone Soup version 0.31-a0-986-g5e6e4ef867 (webtiles) character file.

Game seed: 5795882432415676580

2064 Demosthentine the Trooper (level 9, -1/59 (68) HPs)
             Began as a Demonspawn Gladiator on Nov 10, 2023.
             Was an Initiate of Hepliaklqana.
             Killed by divine providence
             ... invoked by Jeremiah
              (12 damage)
             ... on level 7 of the Dungeon.
             The game lasted 00:07:26 (5720 turns).

Demosthentine the Trooper (Demonspawn Gladiator)    Turns: 5720, Time: 00:07:27

HP:   -1/59 (68)    AC:  7    Str: 18    XL:     9   Next: 5%
MP:   9/9           EV: 14    Int:  9    God:    Hepliaklqana [......]
Gold: 311           SH:  0    Dex: 16    Spells: 8/8 levels left

rFire   . . .        a - +1 trident
rCold   . . .        (no shield)
rNeg    . . .        b - +0 leather armour
rPois   .            c - +0 helmet
rElec   .            (no cloak)
rCorr   .            u - +1 pair of gloves
SInv    .            (no boots)
Will    .....        (no amulet)
Stlth   +            (no ring)
HPRegen 0.29/turn    (no ring)
MPRegen 0.11/turn

%: no passive effects
@: mighty, brilliant, attractive, heavily drained
A: spiny 1, sturdy frame 1, demonic touch 2
a: Renounce Religion


You were on level 7 of the Dungeon.
You worshipped Hepliaklqana.
Hepliaklqana was noncommittal.
You visited 2 branches of the dungeon, and saw 8 of its levels.

You collected 311 gold pieces.

Inventory:

Hand Weapons
 a - a +1 trident (weapon)
Missiles
 d - 2 throwing nets (quivered)
 e - a javelin
Armour
 b - a +0 leather armour (worn)
 c - a +0 helmet (worn)
 k - a +0 buckler
 u - a +1 pair of gloves (worn)
Jewellery
 h - a +6 ring of intelligence
 x - a ring of magical power
Wands
 j - a wand of flame (12)
 v - a wand of roots (7)
 y - a wand of digging (2)
 z - a wand of charming (7)
Scrolls
 l - 5 scrolls of teleportation
 o - 3 scrolls of torment
 s - a scroll of enchant weapon
 w - 2 scrolls of fog
Potions
 f - 2 potions of might
 g - 2 potions of curing
 i - a potion of cancellation
 m - 3 potions of attraction
 n - 2 potions of heal wounds {unknown}
 p - a potion of magic {unknown}
 q - 2 potions of brilliance
 r - a potion of degeneration {unknown}
 t - a potion of haste {unknown}
 A - a potion of ambrosia


   Skills:
 + Level 5.6 Fighting
 + Level 5.5 Polearms
 - Level 1.7 Throwing
 + Level 4.8 Armour
 + Level 5.6 Dodging
 + Level 4.2 Shields


You had 8 spell levels left.
You didn't know any spells.
Your spell library was empty.

Dungeon Overview and Level Annotations

Branches:
Dungeon (7/15)             Temple (1/1) D:6

Altars:
Ashenzari
Cheibriados
Dithmenos
Gozag
Hepliaklqana
Kikubaaqudgha
Nemelex Xobeh
Okawaru
Qazlal
Ru
Sif Muna
Trog
Uskayaw
Vehumet
Wu Jian
Xom
Yredelemnul

Shops:
D:1 =   D:6 (

Annotations:
D:7 Jeremiah


Innate Abilities, Weirdness & Mutations

You are partially covered in sharp spines.
Your movements are slightly less encumbered by armour. (ER -2)
Your touch may inflict irresistible damage on your foes.


Message History

Jeremiah closely misses you.
Reach: a) +1 trident
Press: ? - help, Dir - move target, f/p - Jeremiah
Aim: Jeremiah, wielding a +2 trident of draining, wearing a +0 robe and wearing an orb of energy (moderately wounded, about 42% to evade your +1 trident)
You reach to attack!
You puncture Jeremiah!
Jeremiah is heavily wounded.
The butterfly disappears in a burst of colours! x2
Jeremiah hits you from afar with a +2 trident of draining!
You feel drained.
Reach: a) +1 trident
Press: ? - help, Dir - move target, f/p - Jeremiah
Aim: Jeremiah, wielding a +2 trident of draining, wearing a +0 robe and wearing an orb of energy (heavily wounded, about 42% to evade your +1 trident)
You reach to attack!
You hit Jeremiah.
Jeremiah is heavily wounded.
The butterfly disappears in a burst of colours! x3
Jeremiah trails rainbows from their fingertips.
Jeremiah lets out a twisted cry.
Something smites you!
* * * LOW HITPOINT WARNING * * *
Reach: a) +1 trident
Press: ? - help, Dir - move target, f/p - Jeremiah
Aim: Jeremiah, wielding a +2 trident of draining, wearing a +0 robe and wearing an orb of energy (heavily wounded, about 42% to evade your +1 trident)
The butterfly is in the way.
You puncture the butterfly!
You kill the butterfly!
The butterfly disappears in a burst of colours! x3
Jeremiah hits you from afar with a +2 trident of draining.
* * * LOW HITPOINT WARNING * * *
You feel drained.
It was a potion of attraction.
You feel attractive to monsters.
Jeremiah hits you from afar with a +2 trident of draining.
* * * LOW HITPOINT WARNING * * *
You feel drained. The butterfly is attracted toward you.
It was a potion of brilliance.
You feel clever all of a sudden.
The butterfly disappears in a burst of colours!
Jeremiah throws their arms up pleadingly.
Something smites you!
You die...
Jeremiah wails, "I didn't mean to kill anyone!
I'm not a murderer!" #..######### ## #.## # ..# ##.# # ..###..## # # #.§###..### ## #b. ##.b.###...### #. #.b###b...# ####..####. #bbFbb.b#

##...###
#b@b.# #..## #
###..# ##..#
#..b## ##.###
##....# ##.##
##..##..###.##
##..## #....##
# ##.>##
##...# #..
###..## ##..##
#...#†..##
##....##


You could see Jeremiah.

Vanquished Creatures
  A hornet (D:7)
  Edmund (D:6)
  A water moccasin (D:5)
  2 sky beasts
  4 centaurs
  A phantom (D:6)
  2 kobold brigands (D:7)
  A scorpion (D:4)
  3 howler monkeys
  2 jellies
  2 hounds
  3 orc priests
  A gnoll bouda (D:3)
  Ijyb (D:4)
  5 orc wizards (D:6)
  10 adders
  11 gnolls
  A shadow imp (D:5)
  A white imp (D:6)
  4 ufetubi
  A worm (D:3)
  3 dart slugs
  14 orcs
  6 bats
  8 endoplasms
  8 giant cockroaches
  10 goblins
  13 hobgoblins
  A jackal (D:5)
  7 quokkas
  5 ball pythons
  4 frilled lizards
  18 kobolds
  7 rats
162 creatures vanquished.

Notes
Turn   | Place    | Note
-------+----------+-------------------------------------------
     0 | D:1      | Demosthentine the Demonspawn Gladiator began the quest for
                  | the Orb.
     0 | D:1      | Reached XP level 1. HP: 16/16 MP: 1/1
    61 | D:1      | Gained mutation: You are partially covered in sharp spines.
                  | [demonic ancestry]
    61 | D:1      | Reached XP level 2. HP: 15/22 MP: 2/2
   210 | D:1      | Found Hongecho's Jewellery Boutique.
   353 | D:1      | Reached skill level 1 in Armour
   409 | D:1      | Gained mutation: Your touch may inflict minor irresistible
                  | damage on your foes. [demonic ancestry]
   409 | D:1      | Reached XP level 3. HP: 28/28 MP: 3/3
   940 | D:2      | Gained mutation: Your touch may inflict irresistible damage
                  | on your foes. [demonic ancestry]
   940 | D:2      | Reached XP level 4. HP: 30/34 MP: 4/4
  1197 | D:2      | Found a hide-covered altar of Uskayaw.
  1460 | D:3      | Gained mutation: Your movements are slightly less
                  | encumbered by armour. (ER -2) [demonic ancestry]
  1460 | D:3      | Reached XP level 5. HP: 11/41 MP: 5/5
  1640 | D:3      | Reached skill level 1 in Shields
  1976 | D:3      | Found a faded altar of an unknown god.
  2263 | D:3      | Reached XP level 6. HP: 47/47 MP: 6/6
  2716 | D:4      | Found a shadowy altar of Dithmenos.
  2734 | D:4      | Noticed Ijyb
  2747 | D:4      | Killed Ijyb
  3164 | D:4      | Noticed an angel
  3339 | D:5      | Entered Level 5 of the Dungeon
  3535 | D:5      | Reached XP level 7. HP: 53/53 MP: 7/7
  4384 | D:6      | Reached XP level 8. HP: 56/61 MP: 8/8
  4696 | D:6      | Found Gebaisays's Weapon Boutique.
  4789 | D:6      | Reached skill level 5 in Polearms
  4789 | D:6      | Reached skill level 5 in Dodging
  4856 | D:6      | Found a staircase to the Ecumenical Temple.
  4871 | D:6      | Noticed Edmund
  4887 | D:6      | Killed Edmund
  4888 | D:6      | Reached skill level 5 in Fighting
  4907 | Temple   | Entered the Ecumenical Temple
  4911 | Temple   | Became a worshipper of Hepliaklqana the Forgotten
  5425 | D:7      | Found a snail-covered altar of Cheibriados.
  5563 | D:7      | Found an iron altar of Okawaru.
  5599 | D:7      | Noticed a hornet
  5607 | D:7      | Killed a hornet
  5608 | D:7      | Reached XP level 9. HP: 56/68 MP: 9/9
  5690 | D:7      | Noticed Jeremiah
  5720 | D:7      | Killed from afar by Jeremiah

Illustrated notes

Levels and vault maps discovered:
D:1:      tarquinn_simple_flora_water_b, layout_basic, serial_shops,
          nicolae_shop_tiny_glass
D:2:      layout_loops_ring, basic_altar, kennysheep_cluttered_room,
          nrook_mini_vaults, kennysheep_doodads
D:3:      minmay_chambers_of_twos, layout_loops_cross,
          shapermc_ecumenical_altar_pompeii, nicolae_grassy_gnolls
D:4:      layout_basic, zin_angel, grunt_dithmenos_smoke,
          minmay_misc_feat_doors, uniq_ijyb
D:5:      minmay_inner_zag, layout_rooms, chequers_serial_rivers_micro_e
D:6:      layout_rooms, minmay_temple_entry_butterflies, serial_shops, shop,
          uniq_edmund
D:7:      layout_layer_cave, cheibriados_altar_1, okawaru_gym_becter,
          gammafunk_ghost_arena, kennysheep_another_room, uniq_jeremiah
Temple:   hellmonk_temple_two_chambers

Skill      XL: |  1  2  3  4  5  6  7  8 |
---------------+-------------------------+-----
Polearms       | 3 4 5 |  5.5
Dodging        | 3 4 5 |  5.6
Armour         | 1 2 3 4 |  4.8
Fighting       | 3 4 5 |  5.6
Shields        | 1 2 3 4 |  4.2
Throwing       | |  1.7

Action                     |  1- 3 |  4- 6 |  7- 9 || total
---------------------------+-------+-------+-------++-------
  Melee: Trident           |   102 |   144 |   158 ||   404
         Punch             |     1 |       |     1 ||     2
         Touch             |     3 |    20 |    31 ||    54
  Throw: Throwing net      |       |       |     2 ||     2
    Use: Scroll            |     3 |     7 |     2 ||    12
         Potion            |       |     1 |     4 ||     5
   Stab: Sleeping          |     5 |     2 |       ||     7
 Armour: Leather armour    |    36 |    57 |   109 ||   202
  Dodge: Dodged            |    41 |    54 |   100 ||   195

Table legend: (Time is in decaauts)
 A = Elapsed time spent in this place.
 B = Non-inter-level travel time spent in this place.
 C = Inter-level travel time spent in this place.
 D = Time resting spent in this place.
 E = Time spent auto-exploring this place.
 F = Levels seen in this place.
 G = Mean time per level.
                   A        B        C        D        E       F      G
               +--------+--------+--------+--------+--------+-----+--------+
         Total |   5761 |   5609 |    152 |      0 |   4629 |   8 |  720.1 |
       Dungeon |   5753 |   5601 |    152 |      0 |   4629 |   7 |  821.9 |
        Temple |      8 |      8 |      0 |      0 |      0 |   1 |    8.0 |
               +--------+--------+--------+--------+--------+-----+--------+

Top non-repeatable levels by time:
     D:6: 1255 daAuts
     D:3: 1076 daAuts
     D:4: 971 daAuts
     D:5: 678 daAuts
     D:1: 675 daAuts
     D:2: 646 daAuts
     D:7: 449 daAuts
  Temple: 8 daAuts
